 Dungeon Crawl Stone Soup version 0.29.0-4-gdea44cf6ec (webtiles) character file.

Game seed: 9462102831844209296

389 qw the Ruffian (level 6, 0/59 HPs)
             Began as a Troll Cinder Acolyte on Sept 3, 2022.
             Was a High Priest of Ignis.
             Slain by Sigmund
             ... wielding a +0 scythe
              (8 damage)
             ... on level 4 of the Dungeon.
             The game lasted 00:01:43 (2461 turns).

qw the Ruffian (Troll Cinder Acolyte)               Turns: 2461, Time: 00:01:44

Health: 0/59       AC:  6    Str: 24    XL:     6   Next: 49%
Magic:  6/6        EV:  9    Int: 14    God:    Ignis [*****.]
Gold:   132        SH:  0    Dex:  4    Spells: 7/7 levels left

rFire   + . .      SeeInvis .     - Unarmed
rCold   . . .      Faith    .   (no shield)
rNeg    + . .      Spirit   .   b - +2 robe {rN+}
rPois   .          Reflect  .   (helmet restricted)
rElec   .          Harm     .   (no cloak)
rCorr   .          Rampage  .   (gloves unavailable)
Will    .....                   (boots unavailable)
Stlth   +.........              (no amulet)
HPRegen 0.99/turn               (no ring)
MPRegen 0.10/turn               (no ring)

@: no status effects
A: large, unfitting armour, claws 3, regeneration 1, shaggy fur 1, tough skin 1,
clever 1, subdued magic 1, noise suppression
a: Renounce Religion, Fiery Armour, Foxfire Swarm, Rising Flame


You were on level 4 of the Dungeon.
You worshipped Ignis.
Ignis was extremely pleased with you.
You visited 1 branch of the dungeon, and saw 4 of its levels.

You collected 132 gold pieces.


Innate Abilities, Weirdness & Mutations

You are too large for most types of armour.
You have claws for hands.
Your natural rate of healing is unusually fast.
You are covered in fur. (AC +1)
You have tough skin. (AC +1)
Your mind is acute. (Int +4, Str/Dex -1)
Your spells are a little easier to cast, but a little less powerful.
You passively dampen the noise of your surroundings.


   Skills:
 - Level 2.4 Fighting
 + Level 7.4 Unarmed Combat
 - Level 1.0 Spellcasting
 - Level 2.1 Fire Magic


You had 7 spell levels left.
You didn't know any spells.
Your spell library contained the following spells:

 Spells                   Type           Power      Damage    Failure   Level
 Scorch                   Fire           10%        2d5       13%         2

Inventory:

Armour
 b - a +2 robe of positive energy (worn)
Jewellery
 f - a ring of ice
Wands
 i - a wand of digging (1)
Scrolls
 l - a scroll of identify
Potions
 c - a potion of might
 e - a potion of mutation
 g - a potion of resistance
 k - a potion of haste
 m - a potion of brilliance {unknown}

Dungeon Overview and Level Annotations

Branches:
Dungeon (4/15)
 Temple: D:4-7

Altars:
Hepliaklqana
Kikubaaqudgha
Xom

Annotations:
D:3 1 runed translucent door, Crazy Yiuf
D:4 Sigmund


Message History

You swing at nothing.
Something hits you!
You swing at nothing.
You swing at nothing.
Something hits you.
You swing at nothing.
You swing at nothing.
Something hits you.
You swing at nothing.
You swing at nothing.
Something hits you.
You swing at nothing.
You swing at nothing.
Something hits you!
You swing at nothing.
Something hits you.
You swing at nothing.
You swing at nothing.
Something hits you but does no damage.
You swing at nothing.
You swing at nothing.
Something hits you.
You swing at nothing.
You swing at nothing.
Something hits you!
You swing at nothing.
You swing at nothing.
Something hits you!
You swing at nothing.
Something hits you.
You swing at nothing.
You swing at nothing.
Something hits you.
You swing at nothing.
You swing at nothing.
A magic dart appears from out of thin air!
The magic dart hits you.
You swing at nothing.
Something hits you!
You die...

......~.. ~.~~~~.¤~¤.#
¤.~...~.~.. ~.~._.~.~.#
~.~...~.~.# ~.~~~~~...# ###
¤¤..¤...~.# #..
~~~~¤~¤~~.#####.#
..........{.@...#######
..#..##..............)##
##.##.#####...####<#.######
#.##....###^......#..........
#............).)..##)..######
###########......%##).######
###................
#...############# #####


There were no monsters in sight!

Vanquished Creatures
  An ogre (D:4)
  An orc priest (D:4)
  Jessica (D:3)
  Ijyb (D:3)
  2 orc wizards
  4 gnolls (D:2)
  5 adders
  2 worms
  6 orcs
  8 bats
  7 endoplasms
  3 giant cockroaches
  8 goblins
  5 hobgoblins
  4 quokkas
  9 ball pythons
  3 frilled lizards
  8 kobolds
  4 rats
82 creatures vanquished.

Notes
Turn   | Place    | Note
-------+----------+-------------------------------------------
     0 | D:1      | qw the Troll Cinder Acolyte began the quest for the Orb.
     0 | D:1      | Reached XP level 1. HP: 22/22 MP: 1/1
     0 | D:1      | 0 ||| qw: Version: 0.1-a-102-g441f92d
     0 | D:1      | 0 ||| qw: Game counter: 5086
     0 | D:1      | 0 ||| qw: Always use a shield: true
     0 | D:1      | 0 ||| qw: God list: Okawaru
     0 | D:1      | 0 ||| qw: Allow faded altars: false
     0 | D:1      | 0 ||| qw: Do Orc after D:15 true
     0 | D:1      | 0 ||| qw: Do second Lair branch before Depths: true
     0 | D:1      | 0 ||| qw: Lair rune preference: random
     0 | D:1      | 0 ||| qw: Plans: Normal
     0 | D:1      | 0 ||| PLANNING D:1-11
   144 | D:1      | Found a faded altar of an unknown god.
   195 | D:1      | Reached XP level 2. HP: 29/29 MP: 2/2
   369 | D:1      | Reached skill level 4 in Unarmed Combat
   543 | D:1      | Reached XP level 3. HP: 36/36 MP: 3/3
   733 | D:1      | 733 ||| READING 2 scrolls labelled VAVIFE YLULUDD.
   734 | D:1      | 734 ||| DRINKING 2 black potions.
   735 | D:1      | 735 ||| DROPPING scroll of blinking.
   798 | D:2      | 798 ||| Stepping ~*~*~tactically~*~*~ (outnumbered).
  1068 | D:2      | 1068 ||| INVOKING Fiery Armour.
  1073 | D:2      | Reached skill level 5 in Unarmed Combat
  1073 | D:2      | Reached XP level 4. HP: 43/44 MP: 4/4
  1074 | D:2      | 1074 ||| Stepping ~*~*~tactically~*~*~ (outnumbered).
  1075 | D:2      | 1075 ||| Stepping ~*~*~tactically~*~*~ (outnumbered).
  1076 | D:2      | 1076 ||| Stepping ~*~*~tactically~*~*~ (outnumbered).
  1077 | D:2      | 1077 ||| Stepping ~*~*~tactically~*~*~ (outnumbered).
  1078 | D:2      | 1078 ||| Stepping ~*~*~tactically~*~*~ (outnumbered).
  1081 | D:2      | 1081 ||| Stepping ~*~*~tactically~*~*~ (outnumbered).
  1082 | D:2      | 1082 ||| Stepping ~*~*~tactically~*~*~ (outnumbered).
  1083 | D:2      | 1083 ||| Stepping ~*~*~tactically~*~*~ (outnumbered).
  1084 | D:2      | 1084 ||| Stepping ~*~*~tactically~*~*~ (outnumbered).
  1164 | D:2      | Reached XP level 5. HP: 49/50 MP: 5/5
  1164 | D:2      | 1164 ||| Stepping ~*~*~tactically~*~*~ (outnumbered).
  1471 | D:2      | 1471 ||| READING scroll labelled OBUUZA HYZUSONK.
  1474 | D:2      | 1474 ||| READING scroll labelled QUXIH VOSCHO.
  1475 | D:2      | 1475 ||| READING scroll labelled IPLUAC PEIV.
  1476 | D:2      | 1476 ||| READING 3 scrolls labelled ZYSYSA ATATUFREF.
  1477 | D:2      | 1477 ||| READING scroll labelled YNUSOU EX JUY.
  1478 | D:2      | 1478 ||| READING scroll labelled DIS LOIVVOOG.
  1479 | D:2      | 1479 ||| READING 2 scrolls of identify.
  1479 | D:2      | 1479 ||| IDENTIFYING golden potion
  1591 | D:3      | Noticed Jessica
  1594 | D:3      | Found an ancient bone altar of Kikubaaqudgha.
  1595 | D:3      | Killed Jessica
  1596 | D:3      | Reached skill level 6 in Unarmed Combat
  1650 | D:3      | Found a runed translucent door.
  1651 | D:3      | Noticed Crazy Yiuf
  1760 | D:3      | 1760 ||| Stepping ~*~*~tactically~*~*~ (stealth).
  1827 | D:3      | Noticed Ijyb
  1828 | D:3      | 1828 ||| Stepping ~*~*~tactically~*~*~ (hiding).
  1838 | D:3      | Killed Ijyb
  1899 | D:3      | 1899 ||| Stepping ~*~*~tactically~*~*~ (stealth).
  1945 | D:3      | Found a shimmering altar of Xom.
  2253 | D:3      | 2253 ||| UPGRADING to +2 robe of positive energy.
  2263 | D:3      | 2263 ||| DROPPING +0 robe.
  2264 | D:3      | 2264 ||| READING scroll labelled XIRACE GYRI.
  2265 | D:3      | 2265 ||| DRINKING 2 fuming silvery potions.
  2265 | D:3      | Gained mutation: Your spells are a little easier to cast,
                  | but a little less powerful. [potion of mutation]
  2265 | D:3      | Gained mutation: You passively dampen the noise of your
                  | surroundings. [potion of mutation]
  2265 | D:3      | Gained mutation: Your mind is acute. (Int +4, Str/Dex -1)
                  | [potion of mutation]
  2266 | D:3      | 2266 ||| READING 4 scrolls of identify.
  2266 | D:3      | 2266 ||| IDENTIFYING fizzy brown potion
  2267 | D:3      | 2267 ||| READING 3 scrolls of identify.
  2267 | D:3      | 2267 ||| IDENTIFYING lumpy clear potion
  2268 | D:3      | 2268 ||| READING 2 scrolls of identify.
  2268 | D:3      | 2268 ||| IDENTIFYING brown potion
  2269 | D:3      | 2269 ||| DROPPING potion of magic.
  2305 | D:4      | Noticed an ogre
  2312 | D:4      | Killed an ogre
  2313 | D:4      | Reached skill level 7 in Unarmed Combat
  2313 | D:4      | Reached XP level 6. HP: 40/59 MP: 6/6
  2338 | D:4      | 2338 ||| Stepping ~*~*~tactically~*~*~ (stealth).
  2340 | D:4      | 2340 ||| Stepping ~*~*~tactically~*~*~ (hiding).
  2351 | D:4      | 2351 ||| DRINKING potion of curing.
  2351 | D:4      | 2351 ||| (to cure confusion)
  2354 | D:4      | 2354 ||| Stepping ~*~*~tactically~*~*~ (stealth).
  2401 | D:4      | Found a hazy altar of Hepliaklqana.
  2403 | D:4      | Noticed Sigmund
  2404 | D:4      | 2404 ||| Stepping ~*~*~tactically~*~*~ (hiding).
  2405 | D:4      | 2405 ||| Stepping ~*~*~tactically~*~*~ (hiding).
  2418 | D:4      | 2418 ||| FLEEEEING.
  2419 | D:4      | 2419 ||| FLEEEEING.
  2420 | D:4      | 2420 ||| FLEEEEING.
  2455 | D:4      | HP: 11/59 [something (8)]
  2460 | D:4      | HP: 7/59 [something/magic dart (2)]
  2461 | D:4      | Slain by Sigmund

Levels and vault maps discovered:
D:1:      giann_wishing_wells, layout_loops_ring,
          hellmonk_ecumenical_altar_pennies_from_heaven
D:2:      minmay_alternating_diamond, layout_basic, nicolae_grassy_gnolls
D:3:      layout_loops_cross, lemuel_crystal_altar, old_standard_altar,
          ebering_dispersal_statue_hall, kennysheep_pointless_box, uniq_ijyb,
          uniq_crazy_yiuf_cottage, uniq_jessica
D:4:      layout_loops_ring, mainiacjoe_overflow_concentric_impassable,
          tgw_trog, grunt_tough_drop, uniq_sigmund, uniq_blork_the_orc,
          uniq_eustachio

Skill      XL: |  1  2  3  4  5 |
---------------+----------------+-----
Unarmed Combat | 4 5 7 |  7.4
Fighting       | |  2.4
Spellcasting   | |  1.0
Fire Magic     | |  2.1

Action                   |  1- 3 |  4- 6 || total
-------------------------+-------+-------++-------
Melee: Unarmed           |    94 |    97 ||   191
       Punch             |     1 |     2 ||     3
Invok: Fiery Armour      |     1 |       ||     1
  Use: Scroll            |     1 |    11 ||    12
       Potion            |     1 |     2 ||     3
Armor: Robe              |    35 |    46 ||    81
Dodge: Dodged            |    38 |    42 ||    80

Table legend:
 A = Non-vault XP
 B = Vault XP
 C = Vault XP percentage of total XP
 D = Non-vault monster count
 E = Vault monster count
 F = Vault count percentage of total count
                 A         B        C        D         E       F
            +---------+---------+-------+---------+---------+-------
      Total |     405 |     151 |  27.2 |      71 |      11 |  13.4
            +---------+---------+-------+---------+---------+-------
        D:1 |      42 |       0 |   0.0 |      26 |       0 |   0.0
        D:2 |     100 |      78 |  43.8 |      22 |       9 |  29.0
        D:3 |      49 |      73 |  59.8 |      14 |       2 |  12.5
        D:4 |     214 |       0 |   0.0 |       9 |       0 |   0.0
            +---------+---------+-------+---------+---------+-------
